 Dungeon Crawl Stone Soup version 0.28-a0-1227-ga9037bb4c8 (webtiles) character file.

Game seed: 16727806901261387284

32 BinkBink the Cutter (level 3, 0/29 HPs)
             Began as a Demonspawn Monk on Dec 22, 2021.
             Was a Priest of Qazlal.
             Succumbed to a scorpion's poison
             ... on level 1 of the Dungeon.
             The game lasted 00:01:41 (1260 turns).

BinkBink the Cutter (Demonspawn Monk)               Turns: 1260, Time: 00:01:41

Health: 0/29       AC:  2    Str: 11    XL:     3   Next: 8%
Magic:  3/3        EV: 13    Int: 11    God:    Qazlal [***...]
Gold:   42         SH:  4    Dex: 17    Spells: 2/2 levels left

rFire   . . .      SeeInvis .   a - +0 short sword
rCold   . . .      Faith    .   (no shield)
rNeg    . . .      Spirit   .   b - +0 robe
rPois   .          Reflect  .   (no helmet)
rElec   .          Harm     .   (no cloak)
rCorr   .          Rampage  .   (no gloves)
Will    .....                   (no boots)
Stlth   ++........              (no amulet)
HPRegen 0.09/turn               (no ring)
MPRegen 0.08/turn               (no ring)

@: lethally poisoned (0 -> -5)
A: demonic guardian 2
a: Renounce Religion, Upheaval, Elemental Force


You were on level 1 of the Dungeon.
You worshipped Qazlal.
Qazlal was most pleased with you.
You visited 1 branch of the dungeon, and saw 2 of its levels.

You collected 42 gold pieces.

Inventory:

Hand Weapons
 a - a +0 short sword (weapon)
Armour
 b - a +0 robe (worn)
 g - a +0 pair of boots
Scrolls
 c - a scroll of immolation {unknown}
 d - a scroll of vulnerability {unknown}
 f - a scroll of noise {unknown}
Potions
 e - 3 potions of curing {unknown}
 h - a potion of brilliance {unknown}


   Skills:
 - Level 3.0 Fighting
 + Level 3.3 Short Blades
 - Level 2.6 Dodging
 + Level 2.7 Stealth


You had 2 spell levels left.
You didn't know any spells.
Your spell library contained the following spells:

 Spells                   Type           Power      Damage    Failure   Level
 Shock                    Conj/Air       0%         1d3       34%         1
 Swiftness                Air            0%         N/A       71%         3
 Airstrike                Air            0%         N/A       98%         4


Dungeon Overview and Level Annotations

Branches:
Dungeon (2/15)

Altars:
Qazlal


Innate Abilities, Weirdness & Mutations

A demonic guardian rushes to your aid.


Message History

The bat hits you. The bat closely misses you.
The bat hits you but does no damage. The bat closely misses you.
The bat hits you but does no damage. The bat closely misses you.
You block the bat's attack. The bat hits you. You block the scorpion's attack.
The bat hits you but does no damage.
You hit the bat.
You kill the bat!
Qazlal accepts your kill. The scorpion stings you. The scorpion misses you.
There is an open door here.
The scorpion misses you.
The scorpion stings you but does no damage.
The scorpion closely misses you.
You see here a quokka skeleton.
The scorpion misses you. The scorpion misses you.
You block the scorpion's attack. The scorpion stings you.
You block the scorpion's attack. The scorpion stings you.
You are lethally poisoned!
The scorpion poisons you!
The scorpion stings you but does no damage.
You feel very sick.
* * * LOW HITPOINT WARNING * * *
You feel sick.
* * * LOW HITPOINT WARNING * * *
You feel sick.
* * * LOW HITPOINT WARNING * * *
You feel sick.
There is a stone staircase leading up here.
* * * LOW HITPOINT WARNING * * *
You feel sick. The scorpion barely misses you.
You climb upwards.
You die...

##.##..........# #......#...
#..##.[........# #......#...
#.#######......####......#...
#.# ###.................ยง...
##.# ##.......................
#..###..#.###########........#
#......##.# ### ########.#
########..# ###.# #.# #...
#.####@..## ##.## ##...
##.###s....# #...# #....
#..##....#.###.#.###.#..
#.###....#..#..#..#..#.. #.#
#....##...###...##.# #.#
#....##...# #...####
##.###....###.## ##.##
##...###...###########
######.......#..........#
#####


You could see a scorpion.

Vanquished Creatures
  A ball python (D:1)
  2 endoplasms (D:1)
  A giant cockroach (D:2)
  3 goblins (D:1)
  2 jackals (D:1)
  7 quokkas
  2 bats
  3 frilled lizards (D:1)
  2 kobolds
  7 rats (D:1)
30 creatures vanquished.

Notes
Turn   | Place    | Note
-------+----------+-------------------------------------------
     0 | D:1      | BinkBink the Demonspawn Monk began the quest for the Orb.
     0 | D:1      | Reached XP level 1. HP: 18/18 MP: 1/1
    48 | D:1      | Found a faded altar of an unknown god.
    68 | D:1      | Prayed at the altar of an unknown god.
    68 | D:1      | Became a worshipper of Qazlal Stormbringer
    68 | D:1      | Reached * piety under Qazlal
    68 | D:1      | Reached ** piety under Qazlal
   132 | D:1      | Gained mutation: A weak demonic guardian rushes to your
                  | aid. [demonic ancestry]
   132 | D:1      | Reached XP level 2. HP: 17/24 MP: 2/2
   319 | D:1      | Reached *** piety under Qazlal
  1021 | D:2      | Gained mutation: A demonic guardian rushes to your aid.
                  | [demonic ancestry]
  1021 | D:2      | Reached XP level 3. HP: 22/29 MP: 3/3
  1188 | D:2      | Noticed a scorpion
  1260 | D:1      | Succumbed to a scorpion's poison

Illustrated notes

Levels and vault maps discovered:
D:1:      dpeg_arrival_fog, layout_rooms, ebering_ecumenical_altar_box,
          serial_curves, eino_curves_03, eino_curves_02
D:2:      layout_basic, serial_shops, nicolae_shop_waterfront, basic_altar,
          uniq_crazy_yiuf_cottage

Skill      XL: |  1 |
---------------+----+-----
Stealth        | 2 |  2.7
Short Blades   | 3 |  3.3
Fighting       | |  3.0
Dodging        | |  2.6

Action                   || total
-------------------------++-------
Melee: Short sword       ||    87
 Stab: Sleeping          ||     1
Armor: Robe              ||    16
Dodge: Dodged            ||    66
Block: Other             ||    13

Table legend: (Time is in decaauts)
 A = Elapsed time spent in this place.
 B = Non-inter-level travel time spent in this place.
 C = Inter-level travel time spent in this place.
 D = Time resting spent in this place.
 E = Time spent auto-exploring this place.
 F = Levels seen in this place.
 G = Mean time per level.
                   A        B        C        D        E       F      G
               +--------+--------+--------+--------+--------+-----+--------+
         Total |   1255 |   1239 |     16 |      0 |    982 |   2 |  627.5 |
       Dungeon |   1255 |   1239 |     16 |      0 |    982 |   2 |  627.5 |
               +--------+--------+--------+--------+--------+-----+--------+

Top non-repeatable levels by time:
     D:1: 966 daAuts
     D:2: 289 daAuts
